[Event "*** SCC Grand Prix: Titled Tuesday Blitz"]
[Site "Chess.com"]
[Date "2020.06.23"]
[Round "1"]
[White "Novoselski"]
[Black "swisspower96"]
[Result "0-1"]
[WhiteElo "2278"]
[BlackElo "2609"]
[TimeControl "180+1"]
[EndTime "10:07:07 PDT"]
[Termination "swisspower96 won by resignation"]

1. d4 Nf6 2. c4 e6 3. Nf3 d5 4. Nc3 Bb4 5. e3 O-O 6. Bd3 dxc4 7. Bxc4 c5 8. a3 Bxc3+ 9. bxc3 Qc7 10. Ba2 b6 11. O-O Bb7 12. Nd2 Nbd7 13. Bb2 e5 14. Re1 Rfe8 15. Nf1 Rad8 16. Rc1 Nf8 17. Ng3 Ng6 18. f3 Qb8 19. c4 exd4 20. exd4 Rxe1+ 21. Qxe1 cxd4 22. Rd1 Qf4 23. Bb1 Nh4 24. Qd2 Qxd2 25. Rxd2 Bxf3 26. Rxd4 Rxd4 27. Bxd4 Bxg2 28. Bxf6 gxf6 29.
Nh5 f5 30. Bxf5 Nxf5 31. Kxg2 Ne3+ 32. Kf3 Nxc4 33. Nf6+ Kg7 34. Nh5+ Kh6 35. Nf6 Nxa3 36. Kf4 Kg6 37. Nd5 b5 38. Ke5 a5 39. Kd4 f5 40.
Ke5 b4 41. h4 b3 42. Nf4+ Kf7 0-1

[Event "*** SCC Grand Prix: Titled Tuesday Blitz"]
[Site "Chess.com"]
[Date "2020.06.23"]
[Round "1"]
[White "ErikRonka"]
[Black "chito89"]
[Result "1/2-1/2"]
[WhiteElo "2400"]
[BlackElo "2753"]
[TimeControl "180+1"]
[EndTime "10:07:08 PDT"]
[Termination "Game drawn by repetition"]

1. e4 g6 2. d4 Bg7 3. c4 d6 4.
Nc3 e5 5. Nge2 exd4 6. Nxd4 Nc6 7. Be3 Nge7 8. Be2 O-O 9. O-O f5 10. Nxc6 bxc6 11. Bd4 Bxd4 12. Qxd4 c5 13. Qd2 f4 14. Rfe1 Be6 15. Nd5 Nc6 16. Nxf4 Qg5 17. g3 Ne5 18. Rad1 Bg4 19. Nd5 Qh5 20. f4 Bxe2 21.
fxe5 Bxd1 22. Nf6+ Rxf6 23. Qd5+ Rf7 24. Qxa8+ Kg7 25. e6 Re7 26. Qd8 Rxe6 27. Qd7+ Kf6 28. Rf1+ Bf3 29. e5+ Kxe5 30. Qg7+ Rf6 31. Qe7+ Re6 32.
Qg7+ Ke4 33. Qc3 Re5 34. Qc2+ Kd4 35. Qc3+ Ke4 36. Qc2+ Kd4 37. Qc3+ Ke4 1/2-1/2

[Event "*** SCC Grand Prix: Titled Tuesday Blitz"]
[Site "Chess.com"]
[Date "2020.06.23"]
[Round "1"]
[White "catalin009"]
[Black "csati17"]
[Result "0-1"]
[WhiteElo "2306"]
[BlackElo "2622"]
[TimeControl "180+1"]
[EndTime "10:07:09 PDT"]
[Termination "csati17 won on time"]

1. e4 e6 2. d4 d5 3. Bd3 Nf6 4.
e5 Nfd7 5. f4 c5 6. c3 Nc6 7.
Nf3 Qb6 8. Bc2 g6 9. O-O a5 10. Kh1 h5 11. a3 Be7 12. h3 Rb8 13. a4 cxd4 14. cxd4 Nb4 15. Nc3 Nxc2 16. Qxc2 Qc6 17. Be3 Nb6 18. Bf2 Bd7 19. Rac1 Nxa4 20. Bh4 Bxh4 21.
Nxh4 Nxc3 22. bxc3 Qc4 23. Nxg6 fxg6 24. Qxg6+ Kd8 25.
f5 Qc6 26. c4 dxc4 27. d5 exd5 28. e6 Kc7 29. Qg3+ Qd6 30. Qc3 Bc6 31. Rce1 Rbe8 32. f6 Rxe6 33. Rxe6 Qxe6 34. f7 Rf8 35. Qxa5+ Kd7 36. Qb4 Rxf7 0-1

[Event "*** SCC Grand Prix: Titled Tuesday Blitz"]
[Site "Chess.com"]
[Date "2020.06.23"]
[Round "1"]
[White "pavlitas17"]
[Black "DenLaz"]
[Result "0-1"]
[WhiteElo "2354"]
[BlackElo "2702"]
[TimeControl "180+1"]
[EndTime "10:07:10 PDT"]
[Termination "DenLaz won by checkmate"]

1. d4 d5 2. Nf3 Nf6 3. Bf4 e6 4.
e3 c5 5. h3 Bd6 6. Bb5+ Nc6 7. Ne5 Qc7 8. O-O O-O 9. Bxc6 bxc6 10. Nd2 cxd4 11. exd4 c5 12. c3 Rb8 13. b3 Ba6 14. Re1 Rfc8 15. Ndf3 Ne4 16. Rc1 f6 17.
dxc5 Bxe5 18. Bxe5 fxe5 19. b4 Bc4 20. a4 Rf8 21.
Qc2 Rf4 22. Re3 Rbf8 23. Qd1 h6 24. Rb1 Qd8 25. Rb2 Qf6 26. c6 Ng5 27. Nxg5 hxg5 28. f3 e4 29. Qd4 e5 30. Qc5 exf3 31. gxf3 Rxf3 32. Rxf3 Qxf3 33. Rf2 Qg3+ 34. Kh1 Rxf2 35. c7 Qg2# 0-1

[Event "*** SCC Grand Prix: Titled Tuesday Blitz"]
[Site "Chess.com"]
[Date "2020.06.23"]
[Round "1"]
[White "vugarrasulov"]
[Black "bratkoo"]
[Result "1-0"]
[WhiteElo "2810"]
[BlackElo "2412"]
[TimeControl "180+1"]
[EndTime "10:07:11 PDT"]
[Termination "vugarrasulov won by resignation"]

1. e4 e6 2. d4 d5 3. Nd2 c5 4. Ngf3 Nf6 5. exd5 exd5 6. Bb5+ Bd7 7. Bxd7+ Nbxd7 8. O-O Be7 9. dxc5 Nxc5 10. Nd4 Qd7 11. Qf3 O-O 12. Nf5 Rfe8 13. Nxe7+ Rxe7 14. Nb3 Nxb3 15. axb3 a6 16. Bg5 Re6 17. Rad1 Ne4 18. Be3 Qc6 19.
c3 h6 20. Bd4 Rae8 21. h4 Qb5 22. b4 Rg6 23. Rfe1 Qc4 24. h5 Rg5 25. Be3 Rge5 26. Rd4 Qb3 27. Re2 R8e6 28. g3 Nf6 29. Red2 Rxh5 30. Kg2 Rhe5 31. Bf4 Re4 32. Be3 R6e5 33.
Bf4 Re6 34. Be3 Qa4 35. Rxe4 dxe4 36. Qf5 Qc6 37. Rd4 Re8 38. c4 Qa4 39. Bxh6 Qc6 40. Be3 g6 41. Qc5 Qxc5 42. bxc5 Rc8 43. Rd6 Ne8 44. Rd7 Rc7 45. Rd8 Kf8 46. Bf4 Rc6 47. Bd6+ 1-0

[Event "*** SCC Grand Prix: Titled Tuesday Blitz"]
[Site "Chess.com"]
[Date "2020.06.23"]
[Round "1"]
[White "LionTheLeon_06"]
[Black "Ekka83"]
[Result "1-0"]
[WhiteElo "2701"]
[BlackElo "2353"]
[TimeControl "180+1"]
[EndTime "10:07:11 PDT"]
[Termination "LionTheLeon_06 won by resignation"]

1. d4 Nf6 2. c4 e6 3. Nc3 Bb4 4.
Qc2 c5 5. Nf3 O-O 6. a3 cxd4 7.
axb4 dxc3 8. Qxc3 d5 9. c5 Ne4 10. Qc2 Nc6 11. Bd2 a5 12. b5 Nxd2 13. Qxd2 Nb4 14. e3 Bd7 15. Be2 Qc7 16. Rc1 Na2 17. Ra1 Nb4 18. Rc1 Na2 19. b6 Qb8 20. Ra1 Nb4 21.
O-O Nc6 22. Bb5 Ne5 23. Bxd7 Nxd7 24. Rxa5 Rxa5 25. Qxa5 Rc8 26. b4 h5 27. Qa7 f6 28.
Ra1 Ne5 29. Qxb8 Nxf3+ 30. gxf3 Rxb8 31. b5 Kf7 32. Rb1 Ke7 33. c6 Kd6 34. c7 Rc8 35.
Rc1 e5 36. Kf1 g5 37. Ke2 h4 38. h3 Ke6 39. Kd2 Kd6 40. Kd3 Ke6 41. Ra1 Kd6 42.
Ra7 e4+ 43. fxe4 dxe4+ 44. Kxe4 1-0

[Event "*** SCC Grand Prix: Titled Tuesday Blitz"]
[Site "Chess.com"]
[Date "2020.06.23"]
[Round "1"]
[White "goldaxe"]
[Black "Riptide27"]
[Result "1-0"]
[WhiteElo "2278"]
[BlackElo "2571"]
[TimeControl "180+1"]
[EndTime "10:07:11 PDT"]
[Termination "goldaxe won by resignation"]

1. e4 c5 2. Nf3 d6 3. d4 cxd4 4.
Nxd4 Nf6 5. Nc3 a6 6. Be3 e6 7. g4 h6 8. Bg2 Nbd7 9. Qe2 Ne5 10. h3 g5 11. O-O-O Qc7 12. f4 Nc4 13. f5 e5 14. Nb3 b5 15. Bf2 Bb7 16. Kb1 Rc8 17.
Nd5 Bxd5 18. exd5 Nd7 19. Nd4 Ndb6 20. Nc6 Na4 21. Rd3 Ncxb2 22. Rb3 Be7 23. f6 Bxf6 24. Be4 Nc4 25. Be1 Nc5 26. Rf1 Bg7 27. Bf5 O-O 28. h4 Nxb3 29. axb3 Nb6 30. hxg5 Nc4 31. gxh6 Nb6 32. hxg7 Nxd5 33. gxf8=Q+ 1-0

[Event "*** SCC Grand Prix: Titled Tuesday Blitz"]
[Site "Chess.com"]
[Date "2020.06.23"]
[Round "1"]
[White "wonderfultime"]
[Black "BigAl"]
[Result "1-0"]
[WhiteElo "2966"]
[BlackElo "2458"]
[TimeControl "180+1"]
[EndTime "10:07:12 PDT"]
[Termination "wonderfultime won by resignation"]

1. d4 Nf6 2. Nf3 g6 3. Bg5 Bg7 4. Nbd2 O-O 5. c3 d6 6. e4 c5 7. dxc5 dxc5 8. Bc4 Nc6 9. O-O h6 10. Bh4 Nh5 11. Re1 Qc7 12. Qc2 Kh7 13. Rad1 b6 14.
Nf1 Ne5 15. Be2 Nf4 16. Bg3 Nxe2+ 17. Qxe2 Bg4 18. Ne3 Bxf3 19. gxf3 Qb7 20. f4 Nc6 21. h4 e6 22. h5 Ne7 23. hxg6+ fxg6 24. Nc4 Rad8 25.
Rxd8 Rxd8 26. Qg4 Qc6 27. Bh4 Re8 28. Nd2 Ng8 29. e5 Rf8 30. Ne4 Rf5 31. Bg3 Ne7 32.
Qh4 Qd7 33. Qg4 Qd5 34. b3 Rf7 35. c4 Qd3 36. Qxe6 Nf5 37. Qxf7 h5 38. Ng5+ Kh6 39.
Qg8 1-0

[Event "*** SCC Grand Prix: Titled Tuesday Blitz"]
[Site "Chess.com"]
[Date "2020.06.23"]
[Round "1"]
[White "Enki007"]
[Black "chessmaugli"]
[Result "1-0"]
[WhiteElo "2651"]
[BlackElo "2319"]
[TimeControl "180+1"]
[EndTime "10:07:12 PDT"]
[Termination "Enki007 won by resignation"]

1. d4 Nf6 2. Nf3 e6 3. Bf4 d5 4.
e3 Bd6 5. Bxd6 cxd6 6. c4 dxc4 7.
Bxc4 Nc6 8. O-O O-O 9. Nc3 b6 10. Rc1 Bb7 11. a3 Rc8 12. Ba2 Ne7 13. Qe2 Ne4 14.
Nxe4 Bxe4 15. Nd2 Bd5 16. Bb1 Qd7 17. Ne4 Bxe4 18. Bxe4 d5 19. Bd3 Rxc1 20. Rxc1 Rc8 21. Rd1 g6 22. h4 Kg7 23. h5 Nf5 24. g3 Nd6 25. Kg2 Qe7 26. Rh1 Qg5 27. Qf3 Nf5 28. Qe2 Rc7 29. Qe1 Nd6 30. hxg6 hxg6 31. Rh3 Ne4 32. f3 Nd6 33. Kf2 Nf5 34. g4 Nd6 35. Qh1 Kf8 36. Rh8+ Ke7 37. Ra8 Qf6 38. Qh6 Ne8 39. g5 Qg7 40. Rxe8+ 1-0

[Event "*** SCC Grand Prix: Titled Tuesday Blitz"]
[Site "Chess.com"]
[Date "2020.06.23"]
[Round "1"]
[White "Rap_woyska"]
[Black "Oleksandr_Bortnyk"]
[Result "0-1"]
[WhiteElo "2449"]
[BlackElo "2904"]
[TimeControl "180+1"]
[EndTime "10:07:13 PDT"]
[Termination "Oleksandr_Bortnyk won by checkmate"]

1. c4 e5 2. Nc3 Nc6 3. Nf3 Nf6 4. e3 Bb4 5. Qc2 O-O 6. Nd5 Bc5 7.
a3 a5 8. Bd3 h6 9. O-O Re8 10.
Nxf6+ Qxf6 11. Be4 d6 12. b3 Bg4 13. Bb2 Qe6 14.
Rae1 Bxf3 15. Bxf3 e4 16. Be2 Bb6 17. f3 a4 18. b4 Rad8 19. fxe4 Qxe4 20. Qc3 Ne5 21. d4 Ng6 22. Bf3 Qh4 23. c5 Ba7 24. Bxb7 dxc5 25. dxc5 Ne5 26. Rd1 f6 27. Bd5+ Kh8 28. e4 c6 29. Ba2 Bb8 30. Qg3 Nf3+ 31. Qxf3 Bxh2+ 32. Kh1 Bg3+ 33. Kg1 Qh2# 0-1

[Event "*** SCC Grand Prix: Titled Tuesday Blitz"]
[Site "Chess.com"]
[Date "2020.06.23"]
[Round "1"]
[White "doctorcristian"]
[Black "obliviate12"]
[Result "0-1"]
[WhiteElo "2428"]
[BlackElo "2841"]
[TimeControl "180+1"]
[EndTime "10:07:13 PDT"]
[Termination "obliviate12 won by resignation"]

1. d4 d5 2. Bf4 e6 3. e3 Nf6 4.
Nd2 b6 5. Ngf3 Bd6 6. Bg3 Ba6 7. Bxa6 Nxa6 8. c3 O-O 9. O-O Bxg3 10. hxg3 c5 11.
Qa4 Nb8 12. Ne5 Qc7 13. f4 Nbd7 14. Rfe1 a6 15. Nxd7 Nxd7 16. Nf3 b5 17. Qd1 Nf6 18. Nd2 Rab8 19. a3 a5 20. g4 b4 21. g5 Nd7 22.
axb4 axb4 23. Nf3 c4 24. Ne5 Nxe5 25. dxe5 bxc3 26. bxc3 Rb2 27. Re2 Rb3 28. Qd4 Rfb8 29. Rea2 Rb1+ 30. Kh2 Rxa1 31. Rxa1 g6 32. Ra7 Qb6 33.
Ra8 Kg7 34. Rxb8 Qxb8 35. e4 Qb7 36. exd5 Qxd5 37. Qf2 Qd3 38. Qe1 h6 39. gxh6+ Kxh6 40. g3 Kh5 41. Kh3 Qf3 42. Kh2 Kg4 43. Qg1 Qe2+ 44.
Kh1 Kh3 45. g4 Qf3+ 0-1

[Event "*** SCC Grand Prix: Titled Tuesday Blitz"]
[Site "Chess.com"]
[Date "2020.06.23"]
[Round "1"]
[White "seorobert1971"]
[Black "Batsai"]
[Result "0-1"]
[WhiteElo "2689"]
[BlackElo "2375"]
[TimeControl "180+1"]
[EndTime "10:07:14 PDT"]
[Termination "Batsai won by checkmate"]

1. c4 e6 2. Nc3 d5 3. d4 Nf6 4. Nf3 Be7 5. g3 O-O 6. Bg2 Nbd7 7. O-O c6 8. b3 b6 9. Nd2 Bb7 10. e4 c5 11. exd5 cxd4 12. Nb5 Bc5 13. dxe6 Bxg2 14.
exf7+ Rxf7 15. Kxg2 a6 16. Na3 Ne5 17. Nf3 Qd6 18. Bf4 Nfg4 19. Nxe5 Nxe5 20. Bxe5 Qxe5 21. Nc2 Raf8 22. Qd3 Rf3 23. Qd2 Qe4 24. Kh3 Qf5+ 25. Kg2 Qe4 26. Kh3 R8f5 27. Rae1 Rh5+ 28. Kg2 Rxf2+ 29.
Kxf2 Rxh2+ 30. Kg1 Qh1# 0-1

[Event "*** SCC Grand Prix: Titled Tuesday Blitz"]
[Site "Chess.com"]
[Date "2020.06.23"]
[Round "1"]
[White "Reader777"]
[Black "goofypenguin96"]
[Result "1-0"]
[WhiteElo "2677"]
[BlackElo "2344"]
[TimeControl "180+1"]
[EndTime "10:07:14 PDT"]
[Termination "Reader777 won on time"]

1. d4 d5 2. c4 c6 3. Nf3 Nf6 4. Nc3 g6 5. e3 Bg7 6. Be2 O-O 7. O-O Ne4 8. cxd5 Nxc3 9. bxc3 cxd5 10. Rb1 Nc6 11. Qa4 Qc7 12. Ba3 Bf5 13. Rbc1 Rfc8 14. c4 dxc4 15. Bxc4 Qd7 16. Bb5 Be4 17. Ne5 Bxe5 18.
dxe5 a6 19. Be2 Bf5 20. Rfd1 Qc7 21. f4 Qb6 22. Qb3 Qxb3 23. axb3 Na5 24. Bxe7 Nxb3 25. Rxc8+ Rxc8 26. Bc4 Na5 27. Bd5 Be6 28. Be4 b5 29. Ra1 Nb3 30. Rxa6 Nc5 31. Bxc5 Rxc5 32. Rb6 Kg7 33. Kf2 Bc4 34. Rb7 Be6 35. h3 Bd5 36. Bxd5 Rxd5 37. e6 Rd2+ 38. Kf3 Rb2 39. Rxf7+ Kg8 40.
Rb7 b4 41. g4 b3 42. Ke4 Rb1 43. Ke5 b2 44. Kf6 1-0

[Event "*** SCC Grand Prix: Titled Tuesday Blitz"]
[Site "Chess.com"]
[Date "2020.06.23"]
[Round "1"]
[White "Bazarov04"]
[Black "Alexandercs432"]
[Result "1-0"]
[WhiteElo "2506"]
[BlackElo "2091"]
[TimeControl "180+1"]
[EndTime "10:07:14 PDT"]
[Termination "Bazarov04 won by resignation"]

1. d4 d5 2. c4 e5 3. dxe5 d4 4. e4 Nc6 5. f4 f6 6. Nf3 Bb4+ 7. Bd2 Bg4 8. a3 Bxd2+ 9. Nbxd2 fxe5 10. f5 Nf6 11. Bd3 Rb8 12. O-O O-O 13. b4 Ra8 14. Qb3 Qe7 15. Ng5 Bh5 16. c5+ Kh8 17. Bc4 a5 18.
Ne6 Rfe8 19. Qg3 Nd8 20. Qxe5 Nxe6 21. fxe6 Bg6 22. Rae1 axb4 23. axb4 Rad8 24. Nf3 d3 25. Nd2 b6 26. Qg3 bxc5 27. b5 Rd4 28. e5 Nd5 29.
Qf3 Nb4 30. Ra1 Rdd8 31. Qe3 h6 32. Qg3 Nc2 33. Qxg6 Nd4 34. Rf7 Ne2+ 35. Kh1 Qg5 36. Qxg5 hxg5 37. Raf1 Nf4 38. e7 Ra8 39. g3 1-0

[Event "*** SCC Grand Prix: Titled Tuesday Blitz"]
[Site "Chess.com"]
[Date "2020.06.23"]
[Round "1"]
[White "ENajer77"]
[Black "PowerThinking2650"]
[Result "1-0"]
[WhiteElo "2674"]
[BlackElo "2342"]
[TimeControl "180+1"]
[EndTime "10:07:15 PDT"]
[Termination "ENajer77 won on time"]

1. d4 Nf6 2. c4 g6 3. Nc3 Bg7 4. e4 d6 5. Be2 O-O 6. Be3 e5 7. d5 a5 8. g4 Na6 9. g5 Nd7 10. h4 f5 11. gxf6 Nxf6 12. h5 Nc5 13. hxg6 hxg6 14.
Bf3 c6 15. Nh3 cxd5 16. cxd5 a4 17. Ng5 Qa5 18. Qd2 Ng4 19. Bxg4 Bxg4 20. Rg1 Bh5 21.
Rg3 a3 22. b3 Rac8 23. Bxc5 Rxc5 24. Ne6 Rfc8 25. Rc1 Qa6 26. Nxc5 Rxc5 27. Rc2 Kh7 28. Nd1 Bh6 29. Re3 Rxc2 30. Qxc2 Bxd1 31. Qc7+ 1-0

[Event "*** SCC Grand Prix: Titled Tuesday Blitz"]
[Site "Chess.com"]
[Date "2020.06.23"]
[Round "1"]
[White "deep306"]
[Black "kuba2006"]
[Result "1-0"]
[WhiteElo "2654"]
[BlackElo "2326"]
[TimeControl "180+1"]
[EndTime "10:07:16 PDT"]
[Termination "deep306 won on time"]

1. e4 Nf6 2. e5 Nd5 3. Nc3 Nxc3 4.
dxc3 d6 5. Bf4 Nc6 6. Nf3 Bg4 7. Bb5 a6 8. Bxc6+ bxc6 9. h3 Bh5 10. Qe2 e6 11. O-O-O Bxf3 12. Qxf3 d5 13. Qg3 a5 14. h4 a4 15. h5 Qb8 16. h6 g6 17. Bg5 Qb5 18. Rh4 Rb8 19. b3 axb3 20. cxb3 Ra8 21. Qd3 Rxa2 22. Qxb5 cxb5 23. Rd2 Rxd2 24. Bxd2 Be7 25. Rh1 Kd7 26. Kb2 Ra8 27.
Be3 c5 28. g4 Kc6 29. f4 Bd8 30. Rf1 Bc7 31. Bd2 Rd8 32. Ra1 Bb6 33. Kc2 c4 34.
bxc4 dxc4 35. f5 exf5 36. gxf5 Kd5 37. e6 fxe6 38. fxg6 hxg6 39. Rf1 Rh8 40. Rf6 Ke5 41. Rxg6 Kf5 42. Rg7 Bc5 43. Rb7 Bf8 44. Rxb5+ Kg6 45. Rb6 Bxh6 46. Rxe6+ Kg7 47. Be1 Kf7 48. Rc6 Be3 49.
Rxc4 Rh2+ 50. Kd3 Bb6 51. Rf4+ Ke7 52. Bh4+ Kd7 53. Kc4 Kc6 54. Rf6+ Kb7 55. Bg3 Rg2 56.
Bf4 Rg4 57. Kb5 Bd8 58. Rf7+ Kc8 59. c4 Rg6 60. c5 Rg1 61. Ra7 Rb1+ 62. Kc6 1-0

[Event "*** SCC Grand Prix: Titled Tuesday Blitz"]
[Site "Chess.com"]
[Date "2020.06.23"]
[Round "1"]
[White "Karateloru"]
[Black "Anastasia_Nesytova"]
[Result "1-0"]
[WhiteElo "2619"]
[BlackElo "2305"]
[TimeControl "180+1"]
[EndTime "10:07:16 PDT"]
[Termination "Karateloru won by resignation"]

1. e4 c6 2. Nc3 d5 3. Nf3 Bg4 4. h3 Bxf3 5. Qxf3 e6 6. Be2 Nf6 7. O-O Bc5 8. Rd1 Be7 9. d4 dxe4 10. Nxe4 Nxe4 11. Qxe4 Nd7 12. c4 Nf6 13. Qf3 O-O 14. Bf4 Qb6 15. b3 Rfd8 16. Be5 a5 17. Bd3 a4 18. Bc2 axb3 19. axb3 Ra5 20. Rxa5 Qxa5 21.
Qd3 g6 22. Qg3 Ra8 23. Qh4 Qd8 24. Qh6 Ra2 25. Bb1 Ra3 26. b4 Ra4 27. b5 Rxc4 28.
bxc6 Rxc6 29. Be4 Rb6 30. Bf3 Rb5 31. Rc1 Bf8 32. Qf4 Bg7 33. Rc7 h6 34. Qc1 Ne8 35. Rc8 Qd7 36. Qc7 Qxc7 37. Bxc7 Kf8 38. Bd6+ Kg8 39. Rxe8+ Kh7 40. Re7 Kg8 41. Rxb7 Bxd4 1-0

[Event "*** SCC Grand Prix: Titled Tuesday Blitz"]
[Site "Chess.com"]
[Date "2020.06.23"]
[Round "1"]
[White "dey2580"]
[Black "NotFischer"]
[Result "1-0"]
[WhiteElo "2549"]
[BlackElo "2196"]
[TimeControl "180+1"]
[EndTime "10:07:16 PDT"]
[Termination "dey2580 won by resignation"]

1. d4 Nf6 2. Nf3 e6 3. e3 d5 4. c4 c6 5. Nc3 Nbd7 6. b3 Bd6 7. Bb2 O-O 8. Be2 Re8 9. O-O a6 10. Qc2 b5 11. e4 dxe4 12. Nxe4 Be7 13. Nxf6+ Bxf6 14. Rad1 Qe7 15. Rfe1 Bb7 16. Bd3 g6 17. Be4 Rac8 18.
Ne5 Bg7 19. Bf3 Red8 20. Qe2 Nxe5 21. dxe5 c5 22. Bxb7 Qxb7 23. h4 h5 24. g3 Qb8 25.
Qe4 Rxd1 26. Rxd1 Rd8 27. Rxd8+ Qxd8 28. cxb5 axb5 29. a4 Qb8 30. a5 Bf8 31. Qc6 c4 32.
a6 Qa7 33. Qc8 Kg7 34. bxc4 bxc4 35. Qxc4 Bc5 36. Qe2 Qb6 37. Bc3 Kf8 38. Kg2 Ke7 39. Qc4 Kd8 40. Qa4 Bxf2 41. Ba5 1-0

[Event "*** SCC Grand Prix: Titled Tuesday Blitz"]
[Site "Chess.com"]
[Date "2020.06.23"]
[Round "1"]
[White "Ladislav1969"]
[Black "gilbert_gm"]
[Result "0-1"]
[WhiteElo "2328"]
[BlackElo "2653"]
[TimeControl "180+1"]
[EndTime "10:07:17 PDT"]
[Termination "gilbert_gm won on time"]

1. e4 g6 2. d4 Nf6 3. Nc3 d5 4. e5 Ne4 5. Bd3 Nxc3 6. bxc3 c5 7. f4 Nc6 8. Be3 Qa5 9. Qd2 Bf5 10. Bxf5 gxf5 11. dxc5 e6 12. c4 Qxd2+ 13. Kxd2 dxc4 14. Kc3 O-O-O 15. Kxc4 Rg8 16. g3 Na5+ 17. Kc3 Rd5 18. Kb4 b6 19. Nf3 Bxc5+ 20. Bxc5 Rxc5 21. Rhd1 Rxc2 22. Rac1 Rxc1 23. Rxc1+ Kb7 24. Ng5 Rg7 25. Rd1 Kc7 26.
Rc1+ Kb7 27. Rd1 Nc6+ 28. Kb5 a6+ 29. Kc4 Kc7 30. Rd6 h6 31. Nf3 Rg8 32. Nd4 Nxd4 33. Rxd4 Rd8 34. Rxd8 Kxd8 35. h3 h5 36. Kd3 Kd7 37.
a4 Kc6 38. Kd4 Kc7 39. Kc4 Kd7 40. Kc3 Kc6 41. Kd4 b5 42. a5 b4 43. Kc4 b3 44.
Kxb3 Kb5 45. Kc3 Kxa5 46. Kc4 Kb6 47. Kd4 Kb5 48. g4 fxg4 0-1

[Event "*** SCC Grand Prix: Titled Tuesday Blitz"]
[Site "Chess.com"]
[Date "2020.06.23"]
[Round "1"]
[White "diamonds13"]
[Black "francyIM"]
[Result "0-1"]
[WhiteElo "2262"]
[BlackElo "2599"]
[TimeControl "180+1"]
[EndTime "10:07:17 PDT"]
[Termination "francyIM won by resignation"]

1. d4 Nf6 2. c4 e6 3. Nc3 Bb4 4. e3 O-O 5. Bd2 b6 6. Nf3 Bb7 7. Rc1 d5 8. cxd5 exd5 9. Bd3 Be7 10. O-O c5 11. Ne5 Nc6 12. f4 cxd4 13. Nxc6 Bxc6 14. exd4 Re8 15. Qf3 Qd7 16. f5 Bb4 17. a3 Bxc3 18. bxc3 Bb5 19. Bg5 Ne4 20. Bxe4 dxe4 21. Qg4 Bxf1 22.
Bf6 g6 23. Rxf1 e3 24. Qh4 e2 25. Re1 Qxf5 26. g4 Qf3 27. Be5 f6 28. Qxf6 Qxf6 29.
Bxf6 Re3 30. d5 Re4 31. g5 Rc8 32. Kf2 Rc5 33. d6 Rd5 34. Be7 Rd2 35. Kf3 Re6 36.
c4 Kf7 37. a4 Ke8 38. a5 Kd7 39. axb6 axb6 40. Kf2 Rd1 41. Rxe2 Rxe2+ 42. Kxe2 Rh1 43. Kd3 Rxh2 44. Kd4 Rf2 45. Ke5 Rf5+ 46. Kd4 Kc6 47.
Ke4 b5 48. cxb5+ Rxb5 49. Kf4 Kd7 50. Kg4 Rb4+ 51. Kf3 Ra4 52. Kg3 Ke6 53. Kf3 Rc4 54.
Kg3 Rd4 55. Kh3 Kf5 56. Kg3 Rd3+ 57. Kh4 Ke6 58. Kg4 Ke5 59. Kh4 Kf5 60. Bf8 Rd4+ 61.
Kg3 Kxg5 62. Be7+ Kf5 63. Kf3 Ke6 64. Ke3 Rxd6 0-1

[Event "*** SCC Grand Prix: Titled Tuesday Blitz"]
[Site "Chess.com"]
[Date "2020.06.23"]
[Round "1"]
[White "Azerichess"]
[Black "ChessicallyInclined"]
[Result "1-0"]
[WhiteElo "3039"]
[BlackElo "2465"]
[TimeControl "180+1"]
[EndTime "10:07:19 PDT"]
[Termination "Azerichess won by resignation"]

1. d4 Nf6 2. c4 e6 3. Nc3 Bb4 4.
Qc2 d5 5. cxd5 Qxd5 6. Nf3 Qf5 7.
Qb3 Nc6 8. e3 O-O 9. Be2 e5 10.
d5 Bxc3+ 11. bxc3 Ne7 12. c4 e4 13. Nd4 Qg5 14. Ba3 Re8 15. Nb5 Qxg2 16. Kd2 Bg4 17. Qd1 Nf5 18. Qg1 Qxg1 19. Rhxg1 Bxe2 20. Kxe2 Rec8 21.
Bb2 Ne8 22. Nc3 Ned6 23. c5 Nc4 24. Rab1 Re8 25. Nb5 Nxb2 26. Rxb2 Re7 27. Rg4 c6 28. d6 Re5 29. Nc7 Rd8 30. Rxb7 Rxc5 31. d7 h5 32. Na6 Rc2+ 33. Kd1 Rxa2 34. Rb8 hxg4 35. Rxd8+ Kh7 36. Rb8 Ra1+ 37. Kc2 Ra2+ 38. Rb2 1-0

[Event "*** SCC Grand Prix: Titled Tuesday Blitz"]
[Site "Chess.com"]
[Date "2020.06.23"]
[Round "1"]
[White "Timerkhanov"]
[Black "ZverevLev"]
[Result "0-1"]
[WhiteElo "2631"]
[BlackElo "2334"]
[TimeControl "180+1"]
[EndTime "10:07:19 PDT"]
[Termination "ZverevLev won by resignation"]

1. d4 Nf6 2. Bg5 Ne4 3. Bf4 d5 4. f3 Nf6 5. e4 dxe4 6. Nc3 c6 7. fxe4 e6 8. Nf3 Be7 9. Qd2 O-O 10. O-O-O Nbd7 11. h3 b5 12. Bd3 Nb6 13. g4 b4 14. Ne2 a5 15. Ng3 a4 16. g5 Ne8 17.
h4 b3 18. a3 Nd6 19. Bxd6 Qxd6 20. e5 Qb8 21. c3 Ba6 22. Ne4 Nc4 23. Bxc4 Bxc4 24. Nf6+ Kh8 25. Qf4 Bxa3 26. Nd7 Bxb2+ 27. Kd2 Qb5 28. Nxf8 Rxf8 29. g6 Bd3 30. gxf7 Bxc3+ 31. Ke3 Bf5 32. Qg5 b2 33. Qe7 Bb4 34. Qe8 Bg6 35. Ng5 Rxe8 36. fxe8=Q+ Bxe8 37. Rhf1 Be7 38. Nxe6 Bg6 39.
Ng5 b1=Q 40. Rxb1 Bxb1 41. Ne6 Qxf1 0-1

[Event "*** SCC Grand Prix: Titled Tuesday Blitz"]
[Site "Chess.com"]
[Date "2020.06.23"]
[Round "1"]
[White "Resignify"]
[Black "Fh2411"]
[Result "0-1"]
[WhiteElo "2153"]
[BlackElo "2526"]
[TimeControl "180+1"]
[EndTime "10:07:19 PDT"]
[Termination "Fh2411 won on time"]

1. Nf3 d5 2. g3 c6 3. Bg2 Nf6 4. d3 Bg4 5. Nbd2 Nbd7 6. O-O e5 7.
h3 Bh5 8. e4 Bd6 9. Qe2 O-O 10.
g4 Bg6 11. exd5 cxd5 12. Nh4 Nb6 13. Ndf3 Re8 14. Nxg6 hxg6 15. Bg5 Rc8 16. c3 Bb8 17. Bh4 Qd7 18. Rfe1 Re7 19. Qc2 Rce8 20. Re2 Re6 21. Rae1 e4 22. Nd4 R6e7 23. dxe4 dxe4 24. Qc1 Nbd5 25. Bg3 Bc7 26. Qc2 e3 27. Bxc7 Qxc7 28. fxe3 Nxe3 29. Qd3 Nxg2 30. Rxe7 Rxe7 31. Rxe7 Qxe7 32.
Kxg2 Qd6 33. Qe3 Nd5 34. Qf3 Nf4+ 35. Kf2 g5 0-1

[Event "*** SCC Grand Prix: Titled Tuesday Blitz"]
[Site "Chess.com"]
[Date "2020.06.23"]
[Round "1"]
[White "Manukyan_Artak"]
[Black "GMTalks_Youtube"]
[Result "0-1"]
[WhiteElo "2348"]
[BlackElo "2684"]
[TimeControl "180+1"]
[EndTime "10:07:20 PDT"]
[Termination "GMTalks_Youtube won by resignation"]

1. e4 e5 2. Nf3 Nc6 3. d4 exd4 4. Nxd4 Bc5 5. Nxc6 Qf6 6. Qf3 bxc6 7. Bc4 d6 8. Nc3 Be6 9. Qxf6 Nxf6 10. Bxe6 fxe6 11. f3 a6 12. Ke2 e5 13. Be3 Nd7 14. Na4 Bxe3 15.
Kxe3 Rb8 16. b3 Ke7 17. Rad1 Nf8 18. g3 Re8 19. Nc3 Kd7 20. Ne2 Kc8 21. Rd3 Nd7 22. Rc3 Kb7 23. Nc1 Rhf8 24. Nd3 Rf6 25. Rf1 g5 26. Nf2 h5 27. h3 Ref8 28. Ke2 Nc5 29.
Re3 Ne6 30. c3 a5 31. Nd3 Kb6 32. Nb2 h4 33. gxh4 gxh4 34. Nd3 Rg8 35. Kf2 Rg3 36. Rh1 Ng5 37. Ne1 Nxh3+ 38. Ke2 Nf4+ 39. Kd2 h3 40. Nd3 Rg2+ 41. Kc1 Nxd3+ 42. Rxd3 h2 43.
Rd2 Rg1+ 44. Rd1 Rxd1+ 45. Kxd1 Rxf3 46. Rxh2 Rxc3 47. Kd2 Rg3 48. Re2 Kc5 49. Kc2 Kd4 50. Kb2 d5 51. exd5 cxd5 52. Rc2 c5 53. Rd2+ Rd3 54. Rh2 e4 55. Kc2 c4 56. Rh8 Rc3+ 57.
Kb2 Rg3 58. Re8 c3+ 59. Ka3 Rg2 60. b4 axb4+ 61. Kxb4 0-1

[Event "*** SCC Grand Prix: Titled Tuesday Blitz"]
[Site "Chess.com"]
[Date "2020.06.23"]
[Round "1"]
[White "Anton_Demchenko"]
[Black "themind1hunter"]
[Result "1-0"]
[WhiteElo "2854"]
[BlackElo "2440"]
[TimeControl "180+1"]
[EndTime "10:07:21 PDT"]
[Termination "Anton_Demchenko won by resignation"]

1. d4 Nf6 2. Nf3 d5 3. Bf4 e6 4. e3 Bd6 5. Ne5 O-O 6. Nd2 c5 7. c3 c4 8. Be2 Qc7 9. Bg3 Nfd7 10. Nxd7 Bxd7 11. e4 Nc6 12. e5 Be7 13. Nf1 b5 14. Ne3 b4 15. O-O bxc3 16. bxc3 Qa5 17. Qd2 Rab8 18.
h4 Rb7 19. Rab1 Rfb8 20. Rxb7 Rxb7 21. h5 Qa3 22. Nd1 h6 23. Bf4 Rb1 24. Bf3 Ra1 25.
g4 Rxa2 26. Qe3 Bf8 27. g5 Ne7 28. Bg4 hxg5 29. Bxg5 Nf5 30. Bxf5 exf5 31. h6 g6 32. h7+ Kxh7 33. Qh3+ Kg8 34. Bf6 Bg7 35. Kg2 Ra1 36.
Rh1 Rxd1 37. Qh8+ 1-0